AoeStats
← Dougladhnn

Arabia

509702930Analyzed
4v4 RM · 6d ago on Sep 27, 2026· 41m 44s· 8 players
Game mode
Random Map
Map size
Large (8 player)
Population
200
Speed
Normal
Resources
Standard
Victory
Conquest
Starting age
Dark Age
Ending age
Imperial Age
RankedLock teamsTeams togetherTeam positionsShared explorationLock speedFull tech treeHidden civsTurbo modeCheats
Victory
Defeat
🇹🇷 Spanish · Türkiye
866
+12
🇹🇷 Vietnamese · Türkiye
822
+14
🇹🇷 Wei · Türkiye
821
+14
🇹🇷 Japanese · Türkiye
722
+18
🇨🇱 Mapuche · Chile
807
-16
🇬🇧 Britons · United Kingdom
780
-15
🇦🇷 Mongols · Argentina
767
-14
🇧🇷 Malay · Brazil
737
-13
tasiopicollo
5:40 Loom
7:53 Feudal Age
9:02 Horse Collar
11:57 Double-Bit Axe
20:57 Castle Age
19:52 Gold Mining
23:26 Fletching
26:17 Wheelbarrow
26:00 Bow Saw
26:05 Husbandry
26:02 Bodkin Arrow
28:54 Stone Mining
29:30 Scale Barding Armor
29:25 Padded Archer Armor
29:28 Squires
31:26 Hand Cart
32:17 Ballistics
34:58 Thumb Ring
Carrizuwu
17:06 Feudal Age
16:23 Loom
20:39 Wheelbarrow
24:22 Castle Age
29:01 Caravan
31:29 Champi Runner
31:31 Crossbowman
31:41 Pikeman
33:55 Double-Bit Axe
33:55 Horse Collar
34:06 Gold Mining
34:27 Arson
35:02 Elite Skirmisher
38:53 Heavy Plow
39:04 Bow Saw
39:31 Wheelbarrow
38:45 Town Watch
40:34 Fletching
40:45 Padded Archer Armor
Dougladhnn
14:33 Feudal Age
14:15 Double-Bit Axe
14:12 Horse Collar
16:21 Wheelbarrow
20:07 Gold Mining
20:07 Stone Mining
23:50 Castle Age
23:51 Bow Saw
23:44 Heavy Plow
26:12 Gold Shaft Mining
26:12 Stone Shaft Mining
26:34 Hand Cart
30:37 Town Watch
31:48 Forging
32:56 Arson
33:12 Squires
32:33 Man-at-Arms
33:09 Pikeman
34:00 Murder Holes
36:52 Imperial Age
34:48 Masonry
34:21 Treadmill Crane
34:09 Long Swordsman
35:08 Caravan
36:01 Two-Handed Swordsman
36:30 Halberdier
Stoepkakker
0:27 Loom
10:36 Feudal Age
17:05 Castle Age
26:46 Double-Bit Axe
29:46 Bow Saw
29:18 Horse Collar
29:33 Pikeman
30:13 Squires
keskek
9:00 Loom
9:11 Loom
10:57 Feudal Age
15:01 Double-Bit Axe
14:58 Horse Collar
15:12 Gold Mining
15:25 Padded Archer Armor
15:15 Fletching
20:12 Stone Mining
24:14 Castle Age
25:00 Wheelbarrow
24:35 Elite Skirmisher
25:28 Thumb Ring
26:22 Leather Archer Armor
26:06 Bodkin Arrow
27:19 Bow Saw
32:13 Ballistics
36:40 Imperial Age
36:44 Imperial Skirmisher
38:29 Chemistry
39:04 Paper Money
39:46 Bracer
41:41 Two-Man Saw
Stephan Carlsen
8:27 Loom
10:44 Feudal Age
11:14 Double-Bit Axe
11:26 Horse Collar
14:03 Stone Mining
15:23 Gold Mining
17:28 Wheelbarrow
18:57 Town Watch
23:10 Castle Age
24:36 Hand Cart
25:00 Stone Shaft Mining
24:28 Heavy Plow
24:40 Bow Saw
25:09 Gold Shaft Mining
29:17 Tuntian
29:39 Forging
29:34 Scale Barding Armor
30:17 Town Patrol
31:41 Chain Barding Armor
31:56 Iron Casting
36:11 Imperial Age
36:12 Elite Tiger Cavalry
38:05 Blast Furnace
37:40 Crop Rotation
37:29 Caravan
38:44 Ming Guang Armor
38:59 Hoardings
A3NC
2:17 Loom
10:35 Feudal Age
19:10 Castle Age
17:20 Double-Bit Axe
18:36 Horse Collar
18:51 Gold Mining
18:52 Stone Mining
19:10 Scale Mail Armor
20:30 Bow Saw
22:43 Heavy Plow
24:46 Guard Tower
25:56 Treadmill Crane
26:28 Masonry
27:55 Wheelbarrow
29:18 Gold Shaft Mining
30:17 Hand Cart
31:13 Murder Holes
31:49 Yasama
34:31 Imperial Age
32:21 Caravan
33:02 Forging
33:29 Chain Mail Armor
35:47 Keep
35:37 Kataparuto
35:01 Elite Samurai
36:58 Two-Man Saw
Mevt
2:27 Loom
9:46 Feudal Age
12:28 Double-Bit Axe
12:24 Horse Collar
12:42 Double-Bit Axe
18:52 Castle Age
19:41 Stone Mining
19:41 Gold Mining
21:47 Bow Saw
21:49 Heavy Plow
22:37 Padded Archer Armor
23:36 Stone Shaft Mining
26:10 Leather Archer Armor
29:54 Imperial Age
28:04 Wheelbarrow
27:16 Town Watch
27:50 Murder Holes
29:01 Ballistics
29:10 Hand Cart
31:14 Ring Archer Armor
30:35 Fletching
32:46 Bodkin Arrow
37:10 Chemistry
36:23 Masonry
36:37 Sanctity
35:42 Elite Skirmisher
36:27 Thumb Ring
37:31 Elite Conquistador
Connection lost

Rejoining the realm…

Still unreachable

The connection could not be restored.

Session expired

The server has moved on; the page needs a fresh start.